 Dungeon Crawl Stone Soup version 0.30.0-29-ga12c61a403 (webtiles) character file.

Game seed: 15242894009884044202

90 qw the Chopper (level 4, 0/28 HPs)
             Began as a Gargoyle Fighter on June 5, 2023.
             Slain by a bullfrog (4 damage)
             ... on level 4 of the Dungeon.
             The game lasted 00:00:35 (1461 turns).

qw the Chopper (Gargoyle Fighter)                   Turns: 1461, Time: 00:00:35

Health: 0/28       AC:  6    Str: 21    XL:     4   Next: 56%
Magic:  4/4        EV:  6    Int:  9    God:
Gold:   140        SH:  4    Dex:  9    Spells: 3/3 levels left

rFire   . . .        Y - +0 war axe
rCold   . . .        c - +0 buckler
rNeg    + . .        b - +0 scale mail
rPois   inf          (no helmet)
rElec   +            (no cloak)
rCorr   .            (no gloves)
SInv    .            (no boots)
Will    .....        (no amulet) Stlth
                     (no ring)
HPRegen 0.24/turn    (no ring)
MPRegen 0.09/turn

%: no passive effects
@: about to teleport, corroded, constricted
A: sickness immunity, AC +3, negative energy resistance 1, electricity
resistance, torment resistance 1, petrification resistance
a: no special abilities


You were on level 4 of the Dungeon.
You visited 1 branch of the dungeon, and saw 3 of its levels.

You collected 140 gold pieces.


Innate Abilities, Weirdness & Mutations

You are immune to sickness and miasma.
Your stone body is resilient. (AC +3)
You are immune to poison.
You resist negative energy. (rN+)
You are resistant to electric shocks. (rElec)
You are resistant to unholy torment.
You are immune to petrification.


   Skills:
 - Level 3.2 Fighting
 + Level 3.5 Axes
 - Level 2.0 Throwing
 - Level 3.2 Armour
 - Level 3.2 Shields


You had 3 spell levels left.
You didn't know any spells.
Your spell library was empty.

Inventory:

Hand Weapons
 i - a +0 whip
 Y - a +0 war axe (weapon)
Missiles
 l - 2 javelins (quivered)
Armour
 b - a +0 scale mail (worn)
 c - a +0 buckler (worn)
Scrolls
 a - a scroll of teleportation
 j - a scroll of identify
 k - a scroll of fear {unknown}
Potions
 d - a potion of might
 e - a potion of curing {unknown}
 f - 2 potions of berserk rage {unknown}
 g - a potion of flight {unknown}
 h - a potion of lignification {unknown}

Dungeon Overview and Level Annotations

Branches:
Dungeon (2/15)

Altars:


Message History

You slash the hobgoblin!
You kill the hobgoblin!
The orc hits you with a +0 dagger.
The bullfrog hits you but does no damage.
The howler monkey barely misses you. You block the orc's attack.
The bullfrog barely misses you. The jelly barely misses you.
You slash the bullfrog!
The bullfrog is severely wounded.
You hit the jelly. The acid corrodes you!
Your hands burn!
You hit the ball python but do no damage.
You hit the howler monkey but do no damage.
You hit the orc. The ball python misses you. The ball python barely misses you.
The howler monkey hits you. The bullfrog hits you.
You block the ball python's attack. The ball python barely misses you.
The orc closely misses you. The jelly hits you.
You are splashed with acid!
The howler monkey hoots and howls with incredible vigour!
The bullfrog hits you but does no damage.
1460 ||| READING 2 scrolls of teleportation.
As you read the scroll of teleportation, it crumbles to dust.
You feel strangely unstable.
The ball python bites you but does no damage.
The ball python grabs you. The ball python constricts you.
The bullfrog barely misses you.
The howler monkey hits you but does no damage.
The orc hits you but does no damage. The black bear completely misses you.
The black bear claws you. You block the black bear's attack.
The jelly hits you but does no damage.
You closely miss the ball python. You closely miss the bullfrog.
You barely miss the black bear. You closely miss the howler monkey.
You closely miss the orc. You completely miss the jelly.
The bullfrog hits you but does no damage.
The ball python bites you but does no damage.
The ball python constricts you.
The howler monkey hits you but does no damage.
The orc hits you but does no damage. The jelly barely misses you.
The black bear bites you.
The black bear claws you but does no damage.
You block the black bear's attack. The bullfrog hits you.
You die...

#..#...(##
#.......(.
#..........
#..........
######.[.......
#......Y#......
#...#hJ[..#
..#...S@F..# .
....:.ho...#...#
....##.......#
..!.....#....#
...?....###..#
......... ###
.........
....#....
...$#.....


You could see a black bear, an ice beast, a bullfrog, a howler monkey, a jelly,
an orc and a ball python.

Vanquished Creatures
  A howler monkey (D:4)
  An adder (D:2)
  A worm (D:2)
  An endoplasm (D:1)
  A giant cockroach (D:1)
  3 goblins
  4 hobgoblins
  7 jackals
  3 kobolds (D:1)
  3 quokkas (D:1)
  4 ball pythons
  3 bats
  A frilled lizard (D:1)
  3 rats (D:1)
36 creatures vanquished.

Notes
Turn   | Place    | Note
-------+----------+-------------------------------------------
     0 | D:1      | qw the Gargoyle Fighter began the quest for the Orb.
     0 | D:1      | Reached XP level 1. HP: 14/14 MP: 1/1
     0 | D:1      | 0 ||| qw: Version: 0.2-a-108-gee2c290
     0 | D:1      | 0 ||| qw: Game counter: 1400
     0 | D:1      | 0 ||| qw: Always use a shield: true
     0 | D:1      | 0 ||| qw: God list: Okawaru
     0 | D:1      | 0 ||| qw: Allow faded altars: false
     0 | D:1      | 0 ||| qw: Do Orc after D:15 true
     0 | D:1      | 0 ||| qw: Do second Lair branch before Depths: true
     0 | D:1      | 0 ||| qw: Lair rune preference: random
     0 | D:1      | 0 ||| qw: Plans: Normal, Zot:1-4, Slime:5, God:TSO, Crypt,
                  | Tomb, Abyss, Pan, Hells, Win
     0 | D:1      | 0 ||| PLANNING D:1-11
    89 | D:1      | Found a faded altar of an unknown god.
   303 | D:1      | Reached XP level 2. HP: 12/19 MP: 2/2
   527 | D:1      | 527 ||| DROPPING +0 club.
   823 | D:1      | Reached skill level 3 in Axes
   929 | D:1      | 929 ||| READING 2 scrolls labelled SUIRAZXORPH.
   934 | D:1      | 934 ||| READING 2 scrolls labelled BEIKOG PAHIO.
   935 | D:1      | 935 ||| READING 2 scrolls labelled SOIXUE LOILL.
   936 | D:1      | 936 ||| DROPPING scroll of immolation.
  1039 | D:2      | Reached XP level 3. HP: 20/23 MP: 3/3
  1044 | D:2      | 1044 ||| Stepping ~*~*~tactically~*~*~ (stealth).
  1440 | D:2      | You fall into a shaft and drop 2 floors!
  1452 | D:4      | Noticed a bullfrog
  1456 | D:4      | Noticed a black bear
  1457 | D:4      | Noticed an ice beast
  1458 | D:4      | Reached XP level 4. HP: 25/28 MP: 4/4
  1459 | D:4      | HP: 7/28 [acid (8)]
  1460 | D:4      | 1460 ||| READING 2 scrolls of teleportation.
  1461 | D:4      | Slain by a bullfrog

Levels and vault maps discovered:
D:1:      saegor_arrival_under_anarchy, layout_loops_corners,
          basic_ecumenical_altar, minmay_misc_feat_more_columns
D:2:      layout_basic, interstate_on_off
D:4:      layout_cave_pools, uniq_ijyb, uniq_sigmund, uniq_crazy_yiuf_cottage

Skill      XL: |  1  2  3 |
---------------+----------+-----
Axes           | 2 3 |  3.5
Throwing       | 2 |  2.0
Fighting       | |  3.2
Armour         | |  3.2
Shields        | |  3.2

Action                     |  1- 3 |  4- 6 || total
---------------------------+-------+-------++-------
  Melee: War axe           |    99 |     3 ||   102
  Throw: Javelin           |     6 |       ||     6
    Use: Scroll            |     3 |     1 ||     4
 Armour: Scale mail        |    50 |    11 ||    61
  Dodge: Dodged            |    51 |    10 ||    61
  Block: Buckler           |    19 |     4 ||    23

Table legend:
 A = Non-vault XP
 B = Vault XP
 C = Vault XP percentage of total XP
 D = Non-vault monster count
 E = Vault monster count
 F = Vault count percentage of total count
                 A         B        C        D         E       F
            +---------+---------+-------+---------+---------+-------
      Total |     129 |       0 |   0.0 |      36 |       0 |   0.0
            +---------+---------+-------+---------+---------+-------
        D:1 |      32 |       0 |   0.0 |      19 |       0 |   0.0
        D:2 |      32 |       0 |   0.0 |      10 |       0 |   0.0
        D:4 |      65 |       0 |   0.0 |       7 |       0 |   0.0
            +---------+---------+-------+---------+---------+-------
